 Dungeon Crawl Stone Soup version 0.19.4-12-gccf7e64 (webtiles) character file.

154 Magnus the Ducker (level 5, -1/30 HPs)
             Began as a Tengu Gladiator on Feb 26, 2017.
             Was an Initiate of Ashenzari.
             Slain by Grinder (7 damage)
             ... while paralysed by Grinder
             ... on level 4 of the Dungeon.
             The game lasted 00:06:33 (4108 turns).

Magnus the Ducker (Tengu Gladiator)                 Turns: 4108, Time: 00:06:34

Health: -1/30      AC:  4    Str: 15    XL:     5   Next: 35%
Magic:  6/6        EV:  2    Int:  8    God:    Ashenzari [......]
Gold:   143        SH:  0    Dex: 16    Spells: 0 memorised, 4 levels left

rFire  . . .     SeeInvis .     a - +0 long sword
rCold  . . .     Gourm    +     b - +0 leather armour
rNeg   . . .     Faith    .     (no shield)
rPois  .         Spirit   .     c - +0 hat
rElec  .         Reflect  .     k - +0 cloak
rCorr  .         Harm     .     (no gloves)
MR     .....                    (boots unavailable)
Stlth  +.........               w - amulet of the gourmand
                                (no ring)
                                (no ring)

@: paralysed
A: beak, talons 3, able to fly 1
a: Fly, Curse Item, Renounce Religion


You were on level 4 of the Dungeon.
You worshipped Ashenzari.
Ashenzari was noncommittal.
You were completely stuffed.

You visited 1 branch of the dungeon, and saw 4 of its levels.

You collected 143 gold pieces.

Inventory:

Hand Weapons
 a - a +0 long sword (weapon)
Missiles
 d - 3 throwing nets (quivered)
Armour
 b - a +0 leather armour (worn)
 c - a +0 hat (worn)
 k - a +0 cloak (worn)
Jewellery
 w - an amulet of the gourmand (around neck)
 z - an uncursed ring of protection from magic
Scrolls
 e - 6 scrolls of identify {unknown}
 g - 2 scrolls of enchant armour {unknown}
 i - 3 scrolls of enchant weapon {unknown}
 l - 3 scrolls of amnesia {unknown}
 q - a scroll of fear {unknown}
 s - 2 scrolls of teleportation {unknown}
 y - a scroll of immolation {unknown}
 C - a scroll of blinking {unknown}
Potions
 h - a potion of might {unknown}
 j - a potion of mutation {unknown}
 m - a potion of cure mutation {unknown}
 n - 2 potions of haste {unknown}
 o - 2 potions of curing {unknown}
 r - a potion of degeneration {unknown}
 t - 3 potions of agility {unknown}
 v - a potion of heal wounds {unknown}
 x - a potion of flight {unknown}
Comestibles
 f - 2 bread rations
 p - 3 meat rations
 u - a slice of pizza
 A - 3 chunks of flesh
 B - 2 fruits
 D - a beef jerky


   Skills:
 - Level 2.0 Fighting
 + Level 5.0 Long Blades
 - Level 2.0 Throwing
 + Level 5.2 Dodging


You had 4 spell levels left.
You didn't know any spells.

Dungeon Overview and Level Annotations

Branches:
Dungeon (4/15)             Temple (0/1) D:4

Altars:
Ashenzari
Dithmenos
Nemelex Xobeh
Okawaru
Ru
Xom
Yredelemnul

Annotations:
D:4 Grinder


Innate Abilities, Weirdness & Mutations

You have a beak for a mouth.
You have claws for feet.
You can fly.


Message History

Press: ? - help, Shift-Dir - straight line, f - Grinder
Aim: Grinder You throw a throwing net.
The throwing net closely misses Grinder.
Grinder hits you.
You writhe in agony.
Throwing (i - inventory):
d - 4 throwing nets (quivered)
Press: ? - help, Shift-Dir - straight line, f/p - Grinder
Aim: Grinder You throw a throwing net.
The throwing net closely misses Grinder.
Grinder gestures at you.
You suddenly lose the ability to move!
Grinder hits you.
You writhe in agony.
Grinder gestures at you.
You barely resist.
Grinder rolls her eyes.
Grinder hits you!
You writhe in agony.
* * * LOW HITPOINT WARNING * * *
Grinder hits you!
You die...

#####.##.# ....
#.....##.# ....
#......#.###......
###......#..........
..#......#.###......
#.#........#########
#.#..............#
#.###'###..#####.#
### #..@..# #..#
.....####5.####.#
#..5.....8>8...>#
#.##.############


You could see Grinder.

Vanquished Creatures
  A howler monkey (D:4)
  A worker ant (D:4)
  3 gnolls (D:3)
  2 worms
  A dart slug (D:1)
  A leopard gecko (D:1)
  7 orcs (D:3)
  5 giant cockroaches
  4 goblins
  5 hobgoblins
  2 quokkas (D:2)
  2 ball pythons
  5 bats
  2 frilled lizards
  5 kobolds
  5 rats
51 creatures vanquished.

Notes
Turn   | Place    | Note
-------+----------+-------------------------------------------
     0 | D:1      | Magnus the Tengu Gladiator began the quest for the Orb.
     0 | D:1      | Reached XP level 1. HP: 12/12 MP: 2/2
   139 | D:1      | Reached XP level 2. HP: 16/17 MP: 3/3
   847 | D:2      | Reached XP level 3. HP: 20/21 MP: 4/4
   946 | D:2      | Found a shadowy altar of Dithmenos.
  1097 | D:3      | Found a basalt altar of Yredelemnul.
  1136 | D:3      | Found an iron altar of Okawaru.
  1189 | D:3      | Found a shimmering altar of Xom.
  1284 | D:3      | Found a shattered altar of Ashenzari.
  1389 | D:3      | Became a worshipper of Ashenzari the Shackled
  1959 | D:3      | Reached XP level 4. HP: 18/26 MP: 5/5
  2437 | D:3      | Found a sparkling altar of Nemelex Xobeh.
  2994 | D:3      | Found a sacrificial altar of Ru.
  3666 | D:4      | Reached skill level 5 in Dodging
  3666 | D:4      | Gained mutation: You can fly. [Tengu growth]
  3666 | D:4      | Reached XP level 5. HP: 26/30 MP: 6/6
  3966 | D:4      | Found a staircase to the Ecumenical Temple.
  3985 | D:4      | Reached skill level 5 in Long Blades
  4094 | D:4      | Noticed Grinder
  4104 | D:4      | Paralysed by Grinder for 4 turns
  4108 | D:4      | Slain by Grinder

Skill      XL: |  1  2  3  4  5 |
---------------+----------------+-----
Long Blades    | 4 5 |  5.0
Dodging        | 4 5 |  5.2
Fighting       | |  2.0
Throwing       | |  2.0

Action                   |  1- 3 |  4- 6 || total
-------------------------+-------+-------++-------
Melee: Long sword        |    76 |    53 ||   129
       Kick              |    15 |    17 ||    32
       Peck              |     8 |     8 ||    16
Throw: Throwing net      |       |     2 ||     2
  Eat: Chunk             |     9 |    12 ||    21
Armor: Leather armour    |    26 |     8 ||    34
Dodge: Dodged            |    52 |    38 ||    90
       Rpst.: Long sword |    19 |     9 ||    28
